 Dungeon Crawl Stone Soup version 0.29.1-14-g9c671dbff4 (webtiles) character file.

Game seed: 2753461402550406609

289 Mickster the Chopper (level 5, -2/44 HPs)
             Began as a Demigod Gladiator on Feb 18, 2023.
             Slain by Robin
             ... wielding a +0 trident
              (7 damage)
             ... on level 3 of the Dungeon.
             The game lasted 00:19:50 (1902 turns).

Mickster the Chopper (Demigod Gladiator)            Turns: 1902, Time: 00:19:51

Health: -2/44      AC:  9    Str: 19    XL:     5   Next: 82%
Magic:  7/7        EV: 12    Int: 10    God:
Gold:   35         SH:  0    Dex: 15    Spells: 4/4 levels left

rFire   . . .      SeeInvis .   a - +1 war axe
rCold   . . .      Faith    .   (no shield)
rNeg    . . .      Spirit   .   k - +0 ring mail
rPois   .          Reflect  .   c - +0 helmet
rElec   .          Harm     .   f - +0 cloak
rCorr   .          Rampage  .   l - +1 pair of gloves
Will    .....                   (no boots)
Stlth   +.........              (no amulet)
HPRegen 0.14/turn               (no ring)
MPRegen 0.10/turn               (no ring)

@: brilliant
A: high MP 1, forlorn, divine attributes
a: no special abilities


You were on level 3 of the Dungeon.
You visited 1 branch of the dungeon, and saw 3 of its levels.

You collected 119 gold pieces.
You spent 84 gold pieces at shops.

Inventory:

Hand Weapons
 a - a +1 war axe (weapon)
 i - a +0 flail
Missiles
 d - 4 throwing nets
 e - a javelin (quivered)
 h - 14 stones
Armour
 b - a +0 leather armour
 c - a +0 helmet (worn)
 f - a +0 cloak (worn)
 k - a +0 ring mail (worn)
 l - a +1 pair of gloves (worn)
Magical Staves
 m - a staff of cold
Wands
 o - a wand of digging (3)
Scrolls
 j - 3 scrolls of identify
Potions
 g - 3 potions of curing


   Skills:
 + Level 2.8 Fighting
 + Level 4.5 Axes
 + Level 2.0 Throwing
 + Level 2.4 Armour
 + Level 3.3 Dodging
 + Level 0.1 Stealth


You had 4 spell levels left.
You didn't know any spells.
Your spell library contained the following spells:

 Spells                   Type           Power      Damage    Failure   Level
 Frozen Ramparts          Ice            0%         1d1       88%         3
 Ignite Poison            Fire/Tmut/Pois 0%         N/A       88%         3
 Mephitic Cloud           Conj/Pois/Air  0%         N/A       88%         3
 Ice Form                 Ice/Tmut       0%         N/A       99%         4
 Summon Ice Beast         Ice/Summ       0%         N/A       99%         4
 Freezing Cloud           Conj/Ice/Air   0%         6-21      100%        5


Dungeon Overview and Level Annotations

Branches:
Dungeon (3/15)

Shops:
D:3 !(

Annotations:
D:3 Robin


Innate Abilities, Weirdness & Mutations

You have an increased reservoir of magic. (+10% MP)
You shall have no god before yourself.
Your divine heritage dramatically boosts your attributes as you level up.


Message History

Something hits you but does no damage. The goblin hits you but does no damage.
The goblin unwields a +0 sling.
The goblin wields a +0 dagger.
The goblin closely misses you.
Items here: ))))) ††††††.
You slash something! You hit the goblin. You completely miss the goblin.
The goblin misses you. The goblin hits you but does no damage.
Something completely misses you. Robin throws the goblin at you!
The goblin hits you but does no damage.
You slash something! You miss the goblin. You slash the endoplasm!
You kill the endoplasm!
You miss the goblin. The jackal barely misses you.
The goblin hits you but does no damage.
Robin roars a battlecry!
The goblins go into a battle-frenzy!
You hear some strange, mumbled words.
A puff of flame appears from out of thin air!
The puff of flame hits you.
* * * LOW HITPOINT WARNING * * *
The goblin closely misses you.
You hit something.
Reactivating autopickup.
You feel a bit more experienced.
You slash the goblin!
You kill the goblin!
You slash the goblin!
You kill the goblin!
You hit the jackal. The jackal closely misses you. Robin barely misses you.
The jackal barely misses you.
Your Axes skill increases to level 4!
You have reached level 5!
Robin throws the goblin at you! The jackal barely misses you.
Items here: ! ) [ †.
The jackal barks!
You hit the jackal.
You kill the jackal!
You hit the goblin. The goblin barely misses you. Robin closely misses you.
The goblin closely misses you. Robin hits you but does no damage.
You slash the goblin!
You kill the goblin!
Robin hits you from afar with a +0 trident!
You die...

.......# .#
.###.#.##.#
.#$#.#..?.#
.###.#.#### .......#
# # .###.#.#
#####.#.#. .......#
#..$#..... ####.#.#
#.).g..# .....#.#
#)@†# ####.#.# ##)##
# #.#.# #)# .# #
#.#.# #∩##.#.# #.#.#
##### #.#....#
#.#.###...###......#
#.......#..........#
###<...<...........#
#############......


You could see Robin.

Vanquished Creatures
  Sigmund (D:3)
  A hound (D:3)
  Ijyb (D:3)
  A gnoll (D:1)
  3 worms
  2 dart slugs
  2 bats
  5 endoplasms
  11 goblins
  6 hobgoblins
  2 jackals (D:3)
  4 kobolds
  A quokka (D:1)
  3 ball pythons
  4 frilled lizards
  5 rats
52 creatures vanquished.

Notes
Turn   | Place    | Note
-------+----------+-------------------------------------------
     0 | D:1      | Mickster the Demigod Gladiator began the quest for the Orb.
     0 | D:1      | Reached XP level 1. HP: 17/17 MP: 3/3
   110 | D:1      | Reached XP level 2. HP: 16/24 MP: 4/4
   267 | D:1      | Reached skill level 3 in Axes
   359 | D:1      | You fall into a shaft and drop 1 floor!
   904 | D:2      | Reached XP level 3. HP: 29/29 MP: 5/5
  1147 | D:3      | Noticed Ijyb
  1170 | D:3      | Killed Ijyb
  1171 | D:3      | Reached skill level 1 in Armour
  1259 | D:3      | Found Cejipa's Antique Weapon Boutique.
  1641 | D:3      | Reached XP level 4. HP: 36/36 MP: 6/6
  1865 | D:3      | Found Aropse's Distillery.
  1872 | D:3      | Bought a potion of curing for 42 gold pieces
  1872 | D:3      | Bought a potion of curing for 42 gold pieces
  1874 | D:3      | Noticed Robin
  1875 | D:3      | Noticed Sigmund
  1899 | D:3      | Killed Sigmund
  1900 | D:3      | Reached skill level 4 in Axes
  1900 | D:3      | Reached XP level 5. HP: 5/44 MP: 7/7
  1902 | D:3      | Slain by Robin

Illustrated notes

Levels and vault maps discovered:
D:1:      dpeg_arrival_shelter, layout_loops_ring
D:2:      layout_basic, ebering_ecumenical_altar_ruins
D:3:      cheibrodos_pilgrimage, layout_loops_ring, serial_shops, shop, shop,
          shop_coins, shop, st_stairs_10, minmay_surrounded, uniq_ijyb,
          uniq_sigmund, uniq_robin

Skill      XL: |  1  2  3  4 |
---------------+-------------+-----
Dodging        | 3 |  3.3
Axes           | 3 4 |  4.5
Throwing       | 2 |  2.0
Armour         | 1 2 |  2.4
Fighting       | 2 |  2.8
Stealth        | |  0.1

Action                   |  1- 3 |  4- 6 || total
-------------------------+-------+-------++-------
Melee: War axe           |   105 |    33 ||   138
Throw: Throwing net      |     3 |       ||     3
  Use: Potion            |     2 |     1 ||     3
       Scroll            |     6 |     1 ||     7
Armor: Leather armour    |    15 |       ||    15
       Ring mail         |    27 |    25 ||    52
Dodge: Dodged            |    66 |    33 ||    99
